 Dungeon Crawl Stone Soup version 0.30-a0-722-g3e6e8c874d (webtiles) character file.

Game seed: 13797214181623268831

454148 mandoloar the Axe Maniac (level 23, -13/234 HPs)
             Began as a Minotaur Fighter on Jan 27, 2023.
             Was the Champion of Okawaru.
             Killed from afar by a living spell (26 damage)
             ... with an iceblast
             ... summoned by a walking frostbound tome
             ... on level 2 of the Depths on Jan 28, 2023.
             The game lasted 03:02:16 (66788 turns).

mandoloar the Axe Maniac (Minotaur Fighter)        Turns: 66788, Time: 03:02:16

Health: -13/234    AC: 49    Str: 35      XL:     23   Next: 24%
Magic:  0/29       EV: 11    Int:  6 (11) God:    Okawaru [******]
Gold:   5743       SH:  0    Dex: 16      Spells: 22/22 levels left

rFire   + + .      SeeInvis .    a - +7 broad axe "Ujenarr" {heavy, rN+ Will+ Dex+3}
rCold   . . .      Faith    .    m - +18 shield of the Gong {Loud rElec rN+ Will+ EV-5}
rNeg    + + +      Spirit   +    N - +15 Maxwell's patent armour {-Cast -Tele rElec Will+ rCorr}
rPois   +          Reflect  .    w - +2 hat of the Bear Spirit {Spirit, Bear, *Rage Will++}
rElec   +          Harm     .    s - +2 cloak {rPois}
rCorr   +          Rampage  ∞    C - +2 pair of gloves {Stlth+}
Will    +++++      Rage     20%  y - +3 pair of seven-league boots {Rampage+∞} Stlth NoTele +
                                 S - brooch of Shielding {Spirit SH+8}
HPRegen 0.59/turn  NoCast   +    u - ring "Miluku Qano" {rPois rF+ rN+ Str+4 Int+6}
MPRegen 0.21/turn                Q - ring "Ympafext" {rF+ Will+ Str+2 Stlth+}

@: confused, ambrosia-drunk, studying 2 skills
A: horns 2, retaliatory headbutt, shaggy fur 1
}: 2/15 runes: decaying, serpentine
a: Renounce Religion, Heroism, Finesse, Duel


You were on level 2 of the Depths.
You worshipped Okawaru.
Okawaru was exalted by your worship.
You visited 9 branches of the dungeon, and saw 40 of its levels.
You also visited: Trove.

You collected 7325 gold pieces.
You spent 1582 gold pieces at shops.

Inventory:

Hand Weapons
 a - the +7 broad axe "Ujenarr" (weapon) {heavy, rN+ Will+ Dex+3}
   (Okawaru gifted it to you on level 3 of the Lair of Beasts)

   Dex:       It affects your dexterity (+3).
   rN:        It protects you from negative energy.
   Will:      It increases your willpower.
 b - a +5 war axe of flaming
Missiles
 k - 277 stones
 z - 27 poisoned darts (quivered)
 L - 12 silver javelins
 R - 12 javelins
Armour
 m - the +18 shield of the Gong (worn) {Loud rElec rN+ Will+ EV-5}
   (You took it off a deep elf high priest on level 3 of the Elven Halls)

   Loud:      It is deafeningly noisy when blocking attacks.
   EV:        It affects your evasion (-5).
   rElec:     It insulates you from electricity.
   rN:        It protects you from negative energy.
   Will:      It increases your willpower.
 p - the +3 hat of Orynen {Rampage Int+2 SInv}
   (You found it in a treasure trove)

   Int:       It affects your intelligence (+2).
   SInv:      It lets you see invisible.
   Rampage:   It bestows one free step when moving towards enemies.
 s - a +2 cloak of poison resistance (worn)
 w - the +2 hat of the Bear Spirit (worn) {Spirit, Bear, *Rage Will++}
   (You found it in a treasure trove)

   Bear:      Going berserk makes the wearer tougher, and they're slowed less
   afterward.
   *Rage:     It berserks you when you make melee attacks (+20% chance).
   Will:      It greatly increases your willpower.
 y - the +3 pair of seven-league boots (worn) {Rampage+∞}
   (You found it in a treasure trove)

   Rampage+∞: When moving toward enemies, its wearer moves as far as possible.
 C - a +2 pair of gloves of stealth (worn)
 N - the +15 Maxwell's patent armour (worn) {-Cast -Tele rElec Will+ rCorr}
   (You found it on level 1 of the Lair of Beasts)

   rElec:     It insulates you from electricity.
   -Cast:     It prevents spellcasting.
   -Tele:     It prevents most forms of teleportation.
   rCorr:     It protects you from acid and corrosion.
   Will:      It increases your willpower.
 V - the +2 pair of boots of Masochism {rC+++ rCorr Dex+3 Stlth-}
   (Okawaru gifted it to you on level 1 of the Snake Pit)

   Dex:       It affects your dexterity (+3).
   rC:        It renders you almost immune to cold.
   rCorr:     It protects you from acid and corrosion.
   Stlth:     It makes you less stealthy.
 X - a +5 kite shield of reflection
Jewellery
 h - the ring "Buedghex" {rF- rC+ rN+ Str+6 Slay+6}
   (You took it off a deep elf annihilator on level 3 of the Elven Halls)

   [ring of strength]

   Str:       It affects your strength (+6).
   Slay:      It affects your accuracy & damage with ranged weapons and melee
   (+6).
   rF:        It makes you vulnerable to fire.
   rC:        It protects you from cold.
   rN:        It protects you from negative energy.
 u - the ring "Miluku Qano" (left hand) {rPois rF+ rN+ Str+4 Int+6}
   (You took it off a deep elf high priest on level 3 of the Elven Halls)

   [ring of intelligence]

   Str:       It affects your strength (+4).
   Int:       It affects your intelligence (+6).
   rF:        It protects you from fire.
   rPois:     It protects you from poison.
   rN:        It protects you from negative energy.
 x - a ring of flight
 Q - the ring "Ympafext" (right hand) {rF+ Will+ Str+2 Stlth+}
   (You acquired it on level 1 of the Elven Halls)

   [ring of willpower]

   Str:       It affects your strength (+2).
   rF:        It protects you from fire.
   Will:      It increases your willpower.
   Stlth:     It makes you more stealthy.
 S - the brooch of Shielding (around neck) {Spirit SH+8}
   (You took it off a hell knight on level 13 of the Dungeon)

   [amulet of guardian spirit]

   It causes incoming damage to be divided between your reserves of health and
   magic.
   SH:        It affects your SH (+8).
 Z - the macabre finger necklace {Finger+ rN+}
   (You found it on level 3 of the Snake Pit)

   [amulet of nothing]

   Finger+:   It enables you to equip an extra ring.
   rN:        It protects you from negative energy.
Wands
 c - a wand of roots (28)
 v - a wand of light (37)
 E - a wand of polymorph (26)
 I - a wand of flame (71)
 O - a wand of digging (15)
 P - a wand of mindburst (30)
Scrolls
 d - 12 scrolls of magic mapping
 i - 9 scrolls of poison
 n - 2 scrolls of summoning
 q - 7 scrolls of immolation
 t - 9 scrolls of blinking
 A - 14 scrolls of identify
 F - 15 scrolls of teleportation
 G - a scroll of enchant armour
 J - 5 scrolls of fog
 T - 2 scrolls of enchant weapon
 U - 3 scrolls of brand weapon
 W - 2 scrolls of silence
Potions
 e - 3 potions of resistance
 f - 12 potions of mutation
 g - 5 potions of haste
 j - 7 potions of berserk rage
 l - 15 potions of curing
 o - a potion of cancellation
 r - 6 potions of lignification
 B - 6 potions of flight
 D - 9 potions of might
 H - 4 potions of invisibility
 K - 7 potions of attraction
 M - 6 potions of ambrosia
 Y - 6 potions of heal wounds


   Skills:
 + Level 25.5 Fighting
 O Level 27 Axes
 - Level 13.3 Throwing
 + Level 19.2 Armour
 - Level 14.4 Dodging
 - Level 5.0 Stealth
 + Level 19.2 Shields
 - Level 10.0 Invocations


You had 22 spell levels left.
You didn't know any spells.
Your spell library contained the following spells:

 Spells                   Type           Power      Damage    Failure   Level
 Apportation              Tloc           0%         N/A       94%         1
 Beastly Appendage        Tmut           0%         N/A       94%         1
 Foxfire                  Conj/Fire      0%         2x1d4     94%         1
 Freeze                   Ice            0%         1d3       94%         1
 Kiss of Death            Conj/Necr      0%         2d5       94%         1
 Magic Dart               Conj           0%         1d3       94%         1
 Necrotise                Necr           0%         1d4       94%         1
 Sandblast                Erth           0%         2d4       94%         1
 Shock                    Conj/Air       0%         1d3       94%         1
 Slow                     Hex            0%         N/A       94%         1
 Blink                    Tloc           0%         N/A       98%         2
 Cigotuvi's Dreadful Rot  Necr/Pois/Air  0%         N/A       98%         2
 Ensorcelled Hibernation  Hex/Ice        0%         N/A       98%         2
 Passwall                 Tmut/Erth      0%         N/A       98%         2
 Sublimation of Blood     Necr           0%         N/A       98%         2
 Wereblood                Tmut           0%         N/A       98%         2
 Confusing Touch          Hex            0%         N/A       100%        3
 Frozen Ramparts          Ice            0%         1d1       100%        3
 Gell's Gravitas          Tloc           0%         N/A       100%        3
 Hailstorm                Conj/Ice       0%         3d3       100%        3
 Ignite Poison            Fire/Tmut/Pois 0%         N/A       100%        3
 Inner Flame              Hex/Fire       0%         N/A       100%        3
 Kindle Blastsparks       Fire/Tloc/Air  0%         2d10      100%        3
 Mephitic Cloud           Conj/Pois/Air  0%         N/A       100%        3
 Ozocubu's Armour         Ice            0%         N/A       100%        3
 Spider Form              Tmut/Pois      0%         N/A       100%        3
 Stone Arrow              Conj/Erth      0%         3d7       100%        3
 Swiftness                Air            0%         N/A       100%        3
 Teleport Other           Tloc           0%         N/A       100%        3
 Vampiric Draining        Necr           0%         2d6       100%        3
 Airstrike                Air            0%         2d(0-16)  100%        4
 Anguish                  Hex/Necr       0%         N/A       100%        4
 Cause Fear               Hex            0%         N/A       100%        4
 Dispel Undead            Necr           0%         3d6       100%        4
 Flame Wave               Conj/Fire      0%         2d4       100%        4
 Iskenderun's Mystic Bla  Conj/Tloc      0%         2d3       100%        4
 Manifold Assault         Tloc           0%         N/A       100%        4
 Sticky Flame             Conj/Fire      0%         2d3       100%        4
 Blade Hands              Tmut           0%         N/A       100%        5
 Freezing Cloud           Conj/Ice/Air   0%         6-21      100%        5
 Metabolic Englaciation   Hex/Ice        0%         N/A       100%        5
 Dispersal                Tloc           0%         N/A       100%        6
 Iron Shot                Conj/Erth      0%         9d1       100%        6
 Enfeeble                 Hex            0%         N/A       100%        7
 Discord                  Hex            0%         N/A       100%        8
 Ignition                 Fire           0%         3d3       100%        8
 Summon Small Mammal      Summ           Unusable   N/A       N/A         1
 Call Imp                 Summ           Unusable   N/A       N/A         2
 Animate Armour           Summ/Erth      Unusable   N/A       N/A         4
 Death Channel            Necr           Unusable   N/A       N/A         6
 Simulacrum               Ice/Necr       Unusable   N/A       N/A         6
 Haunt                    Necr/Summ      Unusable   N/A       N/A         7
 Summon Hydra             Summ           Unusable   N/A       N/A         7

Dungeon Overview and Level Annotations

Branches:
Dungeon (15/15)            Temple (1/1) D:6            Lair (5/5) D:10
  Swamp (4/4) Lair:3        Snake (4/4) Lair:2        Slime (0/5) Lair:4
    Orc (2/2) D:10            Elf (3/3) Orc:2        Vaults (4/5) D:14
  Crypt (0/3) Vaults:2     Depths (2/4) D:15

Altars:
Ashenzari
Cheibriados
Dithmenos
Elyvilon
Fedhas
Gozag
Hepliaklqana
Kikubaaqudgha
Makhleb
Nemelex Xobeh
Okawaru
Qazlal
Ru
Sif Muna
Trog
Uskayaw
Vehumet
Wu Jian
Xom
Yredelemnul
Zin
The Shining One
Jiyva
Lugonu

Shops:
D:6 (   D:11 *   D:14 (   Orc:2 ?!:?   Elf:2 =   Snake:2 **[*   Snake:3 [:[
Vaults:1 :   Depths:1 :

Portals:
Hell: Depths:1
Abyss: Lair:5


Innate Abilities, Weirdness & Mutations

You have a pair of horns on your head.
You reflexively headbutt those who attack you in melee.
You are covered in fur. (AC +1)


Message History

The living spell casts itself at you.
The mass of ice explodes!
The iceblast engulfs you. The living spell casts itself at you.
The mass of ice explodes!
The iceblast engulfs you!
* * * LOW HITPOINT WARNING * * *
The living spell casts itself at you.
The mass of ice explodes!
The iceblast engulfs you!
* * * LOW HITPOINT WARNING * * *
The living spell casts itself at you.
The mass of ice explodes!
The iceblast engulfs you!!
* * * LOW HITPOINT WARNING * * *
Your hands slow down.
Things that are here:
a +0 troll leather armour; a deep troll corpse You enter the shallow water.
Moving in this stuff is going to be slow.
You recover from your berserk rage.
Why would you want to do that?
The walking frostbound tome erupts in a flurry of living spells!
The living spell casts itself at you.
The mass of ice explodes!
The iceblast engulfs you!
* * * LOW HITPOINT WARNING * * *
The living spell casts itself at you.
The mass of ice explodes!
The iceblast engulfs you!!
* * * LOW HITPOINT WARNING * * *
Things that are here:
a +0 heavy hand axe; a +0 robe; a scroll of vulnerability
Things that are here:
a +0 hand axe; a +0 leather armour; a scroll of enchant armour You are confused.
You feel invigorated.
The walking frostbound tome erupts in a flurry of living spells!
Things that are here:
a +0 chain mail; a +3 glaive The living spell casts itself at you.
The mass of ice explodes!
The iceblast engulfs you!!
* * * LOW HITPOINT WARNING * * *
The living spell casts itself at you.
The mass of ice explodes!
The iceblast engulfs you!!
You die...

≈≈≈≈≈≈.......≈≈.....))≈......####
≈≈≈≈≈~.....)..≈........#######...
≈≈≈≈≈.........)≈....####.........
~.≈............))))*#.......≈≈...
.................)........≈≈≈≈≈.§
#################.......≈≈≈≈§≈§≈.
...####### #.......§≈≈≈≈≈≈≈§
...##....########[..≈.....§≈≈≈≈≈§
...''.⌠..''(>[[[@)...≈.≈.....≈...
.<.##....########................
...####### #................ ####
#################


You could see a living spell (summoned).

Vanquished Creatures
  Mara (Snake:3)
  2 juggernauts (Depths:2)
  Xtahua (Vaults:2)
  5 golden dragons
  A tentacled monstrosity (D:15)
  Zenata (Vaults:3)
  Mlioglotl (Swamp:3)
  2 walking crystal tomes (Depths:1)
  A walking earthen tome (Depths:2)
  Jorgrun (Swamp:3)
  3 liches
  3 deep elf blademasters
  3 quicksilver dragons
  2 walking frostbound tomes
  2 deep elf master archers (Elf:3)
  6 titans
  2 thorn hunters
  5 sphinxes
  The ghost of Meok the Executioner, an adept MiFi of Gozag (Snake:3)
  Donald (Swamp:3)
  4 tengu reavers
  A storm dragon (Depths:2)
  A fenstrider witch (Swamp:3)
  6 fire giants
  5 frost giants
  5 nagarajas (Snake:4)
  6 vault wardens
  2 iron dragons
  9 deep elf elementalists (Elf:3)
  12 deep elf sorcerers
  A balrug (D:15)
  Aizul (Snake:2)
  2 orc warlords
  25 very ugly things
  14 stone giants
  4 spriggan defenders
  9 ironbound thunderhulks
  3 vampire knights
  10 ironbound preservers
  9 deep elf demonologists
  6 eleionomae
  12 dire elephants
  7 deep elf annihilators (Elf:3)
  3 bunyips
  Azrael (D:14)
  5 spark wasps (Depths:2)
  10 yaktaur captains
  A crystal guardian (Vaults:3)
  7 ettins
  The ghost of Lufi the Skirmisher, a journeyman BaHs of Hepliaklqana (Lair:4)
  A merfolk javelineer (Depths:2)
  7 deep elf death magi (Elf:3)
  A merfolk impaler (Depths:2)
  Josephine (Orc:1)
  3 jiangshi (Depths:1)
  2 shambling mangroves (Swamp:4)
  An entropy weaver (shapeshifter) (D:13)
  7 great orbs of eyes
  10 deep elf high priests (Elf:3)
  6 vault guards
  5 fire dragons
  A peacekeeper (Vaults:3)
  Harold (Orc:1)
  21 hydras
  3 ironbound frosthearts
  6 ghost crabs
  26 centaur warriors
  A hydra (shapeshifter) (Depths:2)
  5 spriggan air magi
  Erica (D:9)
  5 ice dragons
  A rakshasa (Depths:2)
  A salamander tyrant (Snake:4)
  16 anacondas
  5 two-headed ogres
  A catoblepas (Lair:4)
  32 dancing weapons
  18 naga warriors
  6 boulder beetles
  A deep troll shaman (Depths:2)
  17 alligators
  An orc high priest (Elf:3)
  4 tengu warriors
  Urug (D:13)
  3 deep troll earth magi
  8 shock serpents
  9 hell knights
  14 naga sharpshooters
  4 vampire magi
  4 spriggan berserkers
  A sun demon (D:15)
  2 thrashing horrors (Lair:5)
  Nergalle (D:11)
  9 deep elf knights
  4 salamander mystics
  Lodul (D:11)
  A sea snake (Snake:2)
  3 goliath frogs
  A sea snake (shapeshifter) (D:13)
  3 spriggan druids
  2 glowing orange brains
  2 iron trolls (Depths:2)
  47 deep trolls
  5 phantasmal warriors
  2 flayed ghosts (Depths:2)
  5 harpies (Vaults:3)
  A tengu zombie (Vaults:3)
  5 swamp dragons
  15 naga ritualists
  7 necromancers
  13 ironbound convokers
  8 bog bodies
  A lindwurm (Vaults:1)
  8 deep elf archers
  9 wizards
  20 deep elf pyromancers
  20 deep elf zephyrmancers
  59 ugly things
  6 orc sorcerers
  12 salamanders
  4 orc knights (Vaults:1)
  A large abomination (Lair:5)
  A tengu skeleton (Depths:1)
  3 manticores
  4 will-o-the-wisps
  6 cyclopes
  12 mana vipers
  A moth of wrath (Swamp:2)
  A human skeleton (Vaults:3)
  A guardian serpent (Snake:4)
  4 smoke demons
  A torpor snail (Lair:3)
  2 centaur zombies (D:15)
  53 black mambas
  20 vault sentinels
  A molten gargoyle (Lair:3)
  9 elephants
  16 naga magi
  9 cane toads
  5 unseen horrors
  4 rime drakes
  A centaur skeleton (D:15)
  Psyche (D:7)
  3 gargoyles (D:13)
  5 kobold demonologists
  7 tengu conjurers
  2 freezing wraiths (D:15)
  7 komodo dragons
  28 yaktaurs
  2 ancient zymes (Lair:5)
  7 trolls
  2 queen bees
  16 hornets
  7 meliai
  3 polar bears
  10 tyrant leeches
  2 bloated husks
  A raiju (shapeshifter) (D:12)
  A wolf spider simulacrum (D:15)
  26 blink frogs
  36 slime creatures
  2 air elementals
  2 shadows
  2 ynoxinuls (Lair:5)
  77 yaks
  A vampire (D:12)
  16 spriggans
  8 water elementals
  6 wraiths
  4 basilisks
  12 vampire mosquitoes
  3 steam dragons
  Grum (D:11)
  An elf skeleton (Vaults:3)
  16 humans
  9 fire elementals
  2 chaos spawn (Lair:5)
  2 human simulacra (Vaults:3)
  A redback (D:12)
  A swamp worm (shapeshifter) (Depths:2)
  The ghost of Dittersdorf the Trooper, an amateur GrFi (D:4)
  12 wargs
  18 swamp worms
  46 nagas
  3 hell hounds (D:14)
  14 water moccasins
  4 acid dragons
  2 floating eyes (D:15)
  A human zombie (Vaults:3)
  9 swamp drakes
  14 orc warriors
  A glowing shapeshifter skeleton (Depths:1)
  8 ice beasts
  A sky beast (D:8)
  A black bear (D:5)
  A hornet zombie (D:15)
  11 small abominations (Lair:5)
  An ogre (shapeshifter) (Elf:3)
  A wolf (shapeshifter) (Depths:1)
  9 boggarts
  29 wolves
  29 centaurs
  13 ogres
  2 phantoms (D:5)
  4 earth elementals
  2 gnoll sergeants
  7 scorpions
  10 bullfrogs
  A necrophage (D:7)
  An ogre simulacrum (Vaults:3)
  7 wights
  19 killer bees
  3 electric eels
  5 howler monkeys
  A crimson imp (D:6)
  4 lava snakes
  A hound (D:5)
  3 jellies
  4 gnoll boudas
  15 orc priests
  2 iguanas (D:6)
  40 orc wizards
  A tengu simulacrum (Depths:1)
  23 gnolls
  14 adders
  A river rat (D:4)
  A white imp (D:6)
  A worm (D:4)
  A worm (shapeshifter) (Depths:2)
  67 orcs
  6 endoplasms
  4 goblins
  8 hobgoblins
  A jackal (D:5)
  7 quokkas
  2 ball pythons
  5 bats
  4 frilled lizards
  6 kobolds
  4 rats
1766 creatures vanquished.

Vanquished Creatures (collateral kills)
  A goblin (D:3)
  A kobold (D:3)
2 creatures vanquished.

Vanquished Creatures (others)
  An ironbound preserver (Vaults:3)
  A fire dragon (Depths:2)
  A hydra (Swamp:4)
  An ogre mage (D:12)
  A deep elf pyromancer (Elf:2)
  3 bloated husks
  An air elemental (Elf:3)
  A swamp worm (Swamp:1)
  An orc (Orc:2)
  3 briar patches (Swamp:3)
  7 bushes (Lair:4)
  13 foxfires
  29 fungi
  136 plants
199 creatures vanquished.

Grand Total: 1967 creatures vanquished

Notes
Turn   | Place    | Note
-------+----------+-------------------------------------------
     0 | D:1      | mandoloar the Minotaur Fighter began the quest for the Orb.
     0 | D:1      | Reached XP level 1. HP: 19/19 MP: 0/0
   193 | D:1      | Reached XP level 2. HP: 17/27 MP: 1/1
   241 | D:1      | Reached skill level 3 in Axes
   348 | D:2      | Found an ancient bone altar of Kikubaaqudgha.
  1107 | D:2      | Reached XP level 3. HP: 28/33 MP: 2/2
  1240 | D:3      | Found a shimmering altar of Xom.
  1258 | D:3      | Reached skill level 4 in Axes
  1479 | D:3      | Found a faded altar of an unknown god.
  1557 | D:3      | Reached XP level 4. HP: 35/40 MP: 3/3
  1731 | D:3      | Reached skill level 5 in Axes
  2023 | D:4      | Found a runed translucent door.
  2069 | D:4      | Found an opulent altar of Gozag.
  2255 | D:5      | Entered Level 5 of the Dungeon
  2267 | D:4      | Reached XP level 5. HP: 46/46 MP: 4/4
  2293 | D:4      | Reached skill level 6 in Axes
  2607 | D:4      | Found a runed translucent door.
  2609 | D:4      | Noticed Dittersdorf's ghost (amateur GrFi)
  2777 | D:4      | Reached skill level 7 in Axes
  2785 | D:4      | Reached XP level 6. HP: 14/52 MP: 5/5
  3312 | D:5      | Noticed a water moccasin
  3326 | D:5      | Killed a water moccasin
  3327 | D:5      | Reached skill level 8 in Axes
  3565 | D:5      | Identified a scroll of acquirement
  3565 | D:5      | Acquired a +2 cloak of poison resistance
  3766 | D:5      | Reached skill level 9 in Axes
  3766 | D:5      | Reached XP level 7. HP: 59/59 MP: 6/6
  3879 | D:5      | Reached skill level 10 in Axes
  4395 | D:5      | Reached skill level 11 in Axes
  4395 | D:5      | Reached XP level 8. HP: 65/66 MP: 7/7
  4513 | D:5      | Reached skill level 12 in Axes
  4867 | D:5      | Found an ancient bone altar of Kikubaaqudgha.
  5243 | D:6      | Reached skill level 13 in Axes
  5546 | D:6      | Found a stormy altar of Qazlal.
  5720 | D:6      | Found Toaxtug's Weapon Boutique.
  5906 | D:6      | Found a staircase to the Ecumenical Temple.
  5910 | Temple   | Entered the Ecumenical Temple
  6208 | Temple   | Became a worshipper of Warmaster Okawaru
  6639 | D:7      | Reached skill level 5 in Fighting
  6644 | D:7      | Reached XP level 9. HP: 74/74 MP: 8/8
  7604 | D:7      | Reached skill level 14 in Axes
  7810 | D:7      | Reached * piety under Okawaru
  8214 | D:8      | Noticed Psyche
  8336 | D:8      | You fall into a shaft and drop 2 floors!
  8336 | D:10     | Entered Level 10 of the Dungeon
  8339 | D:10     | Found a hide-covered altar of Uskayaw.
 10053 | D:9      | Noticed Erica
 10073 | D:9      | Reached ** piety under Okawaru
 10074 | D:9      | Reached skill level 15 in Axes
 10081 | D:9      | HP: 2/82 [something/lance of force (27)]
 10099 | D:9      | Killed Erica
 10100 | D:9      | Reached XP level 10. HP: 44/91 MP: 9/9
 10620 | D:11     | Found Vatwon's General Store.
 12058 | D:9      | Reached *** piety under Okawaru
 12059 | D:9      | Reached skill level 10 in Fighting
 12567 | D:10     | Reached skill level 16 in Axes
 12636 | D:10     | Found a staircase to the Lair.
 12810 | D:10     | Received a gift from Okawaru
 13037 | D:10     | Reached skill level 1 in Dodging
 13039 | D:10     | Reached skill level 1 in Stealth
 13671 | D:11     | Noticed Lodul
 14111 | D:10     | Found a staircase to the Orcish Mines.
 14128 | D:10     | Reached XP level 11. HP: 86/102 MP: 10/10
 14134 | D:10     | Reached **** piety under Okawaru
 14732 | Lair:1   | Entered Level 1 of the Lair of Beasts
 14913 | D:10     | Reached skill level 1 in Invocations
 15607 | Lair:2   | Found a gate leading to a gauntlet.
 15623 | Lair:2   | Reached skill level 5 in Armour
 15623 | Lair:2   | Reached skill level 5 in Shields
 16267 | Lair:1   | Found the +15 Maxwell's patent armour {-Cast -Tele rElec
                  | Will+ rCorr}
 16502 | Lair:1   | Reached ***** piety under Okawaru
 17568 | Lair:2   | Reached skill level 17 in Axes
 18100 | Lair:2   | Reached XP level 12. HP: 46/112 MP: 13/13
 18414 | Lair:2   | Found a staircase to the Snake Pit.
 19077 | Lair:2   | Reached skill level 5 in Dodging
 19338 | Lair:2   | Found an ancient bone altar of Kikubaaqudgha.
 20343 | Lair:3   | Identified the +7 broad axe "Ujenarr" {heavy, rN+ Will+
                  | Dex+3} (Okawaru gifted it to you on level 3 of the Lair of
                  | Beasts)
 20343 | Lair:3   | Received a gift from Okawaru
 20623 | Lair:3   | Found a runed translucent door.
 20764 | Lair:3   | Found a staircase to the Swamp.
 20821 | Lair:3   | Reached skill level 5 in Invocations
 20940 | Lair:3   | Reached skill level 5 in Stealth
 21446 | Lair:3   | Noticed a five-headed hydra
 21732 | D:4      | Killed Dittersdorf's ghost
 22617 | D:7      | Killed Psyche
 22828 | Lair:3   | Killed an eight-headed hydra
 23035 | Lair:4   | Noticed a five-headed hydra
 23048 | Lair:4   | Noticed Lufi's ghost (journeyman BaHs)
 23081 | Lair:5   | Entered Level 5 of the Lair of Beasts
 23128 | Lair:4   | Killed a five-headed hydra
 23224 | Lair:4   | Reached XP level 13. HP: 122/122 MP: 16/16
 23704 | Lair:4   | Found a transporter.
 23706 | Lair:4   | Found a transporter.
 23739 | Lair:4   | Received a gift from Okawaru
 24147 | Lair:4   | Noticed a fire dragon
 24771 | Lair:4   | Killed a fire dragon
 25140 | Lair:4   | Found a viscous altar of Jiyva.
 25140 | Lair:4   | Found a staircase to the Slime Pits.
 25445 | Lair:4   | Reached skill level 18 in Axes
 25758 | Lair:4   | Identified the +0 scale mail of Pycak {rCorr Slay+2}
 25853 | Lair:4   | Killed Lufi's ghost
 26442 | Lair:5   | Found a burning altar of Makhleb.
 26494 | Lair:5   | Reached skill level 10 in Shields
 26510 | Lair:5   | Reached skill level 10 in Armour
 26585 | Lair:5   | Reached XP level 14. HP: 130/132 MP: 18/18
 26802 | Lair:5   | Reached skill level 1 in Throwing
 27533 | Lair:5   | Found a corrupted altar of Lugonu.
 27533 | Lair:5   | Found a one-way gate to the infinite horrors of the Abyss.
 27717 | D:11     | Bought a scroll of identify for 28 gold pieces
 27794 | D:11     | Noticed Grum
 27801 | D:11     | Killed Grum
 27831 | D:11     | Received a gift from Okawaru
 28304 | D:11     | Noticed Nergalle
 28310 | D:11     | Killed Nergalle
 28544 | D:11     | Killed Lodul
 28621 | D:11     | Identified the +7 executioner's axe of the Pit {freeze, rC+
                  | Dex+3} (Okawaru gifted it to you on level 11 of the
                  | Dungeon)
 28621 | D:11     | Received a gift from Okawaru
 29354 | D:12     | Identified the +1 shortbow of Wealth {heavy, Int+4 Dex+3}
 29354 | D:12     | Identified the +8 quarterstaff of the Mashing Madman
                  | {heavy, Will+ Int+3}
 29373 | D:12     | Identified the +11 plate armour "Naos" {rElec SInv}
 30097 | D:12     | Reached skill level 19 in Axes
 30559 | D:13     | Reached skill level 15 in Fighting
 31061 | D:13     | Identified the +9 broad axe of Instant Death {heavy,
                  | Fragile rElec MP+9 Dex+4} (Okawaru gifted it to you on
                  | level 13 of the Dungeon)
 31061 | D:13     | Received a gift from Okawaru
 31642 | D:13     | Reached XP level 15. HP: 141/141 MP: 20/20
 31650 | D:14     | Noticed Urug
 31650 | D:14     | Found a gate to the Vaults.
 31700 | D:14     | Noticed Azrael
 31708 | D:13     | Received a gift from Okawaru
 31711 | D:13     | Killed Urug
 31854 | D:13     | Found a portal to a secret trove of treasure.
 32051 | D:13     | Noticed a sphinx
 32069 | D:13     | Killed a sphinx
 32511 | D:13     | Received a gift from Okawaru
 32587 | D:14     | Killed Azrael
 32588 | D:14     | Reached skill level 5 in Throwing
 32806 | D:14     | Found Vuoditt's Antique Weapon Boutique.
 32951 | D:14     | Identified the +6 giant club "Plog" {vamp, rN+ Str+4}
 33570 | D:15     | Entered Level 15 of the Dungeon
 33781 | D:15     | Received a gift from Okawaru
 34161 | D:15     | Found a staircase to the Depths.
 34436 | D:15     | Reached XP level 16. HP: 134/151 MP: 19/22
 34691 | Orc:1    | Entered Level 1 of the Orcish Mines
 34755 | Orc:2    | Entered Level 2 of the Orcish Mines
 34804 | Orc:2    | Found a staircase to the Elven Halls.
 35041 | Orc:2    | Received a gift from Okawaru
 35042 | Orc:2    | Reached skill level 10 in Invocations
 35168 | Orc:2    | Found Macisoskof's Magic Scroll Emporium.
 35168 | Orc:2    | Found Cegheasm's Book Boutique.
 35173 | Orc:2    | Bought a scroll of identify for 28 gold pieces
 35173 | Orc:2    | Bought a scroll of blinking for 105 gold pieces
 35173 | Orc:2    | Bought a scroll of blinking for 105 gold pieces
 35173 | Orc:2    | Bought a scroll of summoning for 133 gold pieces
 35306 | Orc:1    | Noticed Harold
 35306 | Orc:1    | You are sucked into a shaft and drop 1 floor!
 35774 | Orc:2    | Found Jaz Cyp's Magic Scroll Boutique.
 35774 | Orc:2    | Found Newofyah's Distillery.
 35781 | Orc:2    | Bought a scroll of identify for 28 gold pieces
 35781 | Orc:2    | Bought a scroll of enchant armour for 105 gold pieces
 35781 | Orc:2    | Bought a scroll of identify for 28 gold pieces
 35781 | Orc:2    | Bought a scroll of enchant weapon for 105 gold pieces
 35781 | Orc:2    | Bought a scroll of enchant weapon for 105 gold pieces
 35781 | Orc:2    | Bought a scroll of enchant weapon for 105 gold pieces
 35781 | Orc:2    | Bought a scroll of blinking for 105 gold pieces
 35790 | Orc:2    | Bought a potion of might for 56 gold pieces
 35790 | Orc:2    | Bought a potion of heal wounds for 70 gold pieces
 35790 | Orc:2    | Bought a potion of might for 56 gold pieces
 36025 | Orc:1    | Noticed Josephine
 36027 | Orc:1    | Killed Harold
 36033 | Orc:1    | Killed Josephine
 36611 | Swamp:1  | Entered Level 1 of the Swamp
 36618 | Swamp:1  | Reached skill level 10 in Dodging
 36934 | Swamp:1  | Reached skill level 20 in Axes
 36991 | Swamp:1  | Reached ****** piety under Okawaru
 38262 | Swamp:2  | Received a gift from Okawaru
 38487 | Swamp:2  | Identified the +1 animal skin "Peofea" {*Slow rN+ rCorr}
                  | (Okawaru gifted it to you on level 2 of the Swamp)
 38487 | Swamp:2  | Received a gift from Okawaru
 38771 | Swamp:2  | Acquired 801 gold pieces
 39207 | Swamp:3  | Identified the +2 plate armour of Negligence {rC++ Will-
                  | Regen+}
 39240 | Swamp:3  | Noticed Mlioglotl
 39255 | Swamp:3  | Killed Mlioglotl
 39347 | Swamp:3  | Noticed a thorn hunter
 39369 | Swamp:3  | Killed a thorn hunter
 39726 | Swamp:3  | Identified the +2 sling "Miun" {heavy, rF+ Str+2}
 39743 | Swamp:3  | Noticed Donald
 39764 | Swamp:3  | Killed Donald
 39924 | Swamp:3  | Noticed Jorgrun
 39945 | Swamp:3  | Killed Jorgrun
 40013 | Swamp:3  | Reached XP level 17. HP: 156/161 MP: 23/23
 40137 | Swamp:4  | Entered Level 4 of the Swamp
 40704 | Swamp:4  | Received a gift from Okawaru
 40815 | Swamp:4  | Received a gift from Okawaru
 40940 | Swamp:4  | Received a gift from Okawaru
 41260 | Swamp:4  | Identified the +0 ring mail "Lumeam" {Harm rN+}
 41371 | Swamp:4  | Got a decaying rune of Zot
 41747 | Snake:1  | Entered Level 1 of the Snake Pit
 43250 | Snake:1  | Identified the +2 pair of boots of Masochism {rC+++ rCorr
                  | Dex+3 Stlth-} (Okawaru gifted it to you on level 1 of the
                  | Snake Pit)
 43250 | Snake:1  | Received a gift from Okawaru
 43982 | Snake:2  | Noticed Aizul
 43998 | Snake:2  | Killed Aizul
 44002 | Snake:2  | Identified the +5 hand axe of Jieheng {heavy, rF+ Dex+3}
 44010 | Snake:2  | Reached skill level 21 in Axes
 44232 | Snake:2  | Found Zec Woetz's Assorted Antiques.
 44239 | Snake:2  | Found Iwithoip's Antique Armour Shop.
 44239 | Snake:2  | Found Laonn's Assorted Antiques.
 44244 | Snake:2  | Found Xaxuemm's Assorted Antiques.
 44247 | Snake:2  | Bought an opal ring for 150 gold pieces
 44802 | Snake:3  | Found Qexonahi's Armour Shoppe.
 44804 | Snake:3  | Found Fiwk's Book Emporium.
 44806 | Snake:3  | Found Hewna's Antique Armour Shoppe.
 44818 | Snake:3  | Bought a pair of embroidered gloves for 270 gold pieces
 44975 | Snake:3  | Reached skill level 15 in Shields
 44986 | Snake:4  | Entered Level 4 of the Snake Pit
 45066 | Snake:3  | Reached skill level 15 in Armour
 45066 | Snake:3  | Reached XP level 18. HP: 171/171 MP: 24/24
 45162 | Snake:3  | Found a transporter.
 45164 | Snake:3  | Noticed Meok's ghost (adept MiFi)
 45189 | Snake:3  | Found the macabre finger necklace {Finger+ rN+}
 45223 | Snake:3  | Found a transporter.
 45246 | Snake:3  | Received a gift from Okawaru
 45315 | Snake:3  | Noticed Mara
 45339 | Snake:3  | Noticed mandoloar's illusion
 45346 | Snake:3  | Killed Mara
 45953 | Snake:3  | Killed Meok's ghost
 45954 | Snake:3  | Reached skill level 10 in Throwing
 45992 | Snake:3  | Identified the +1 falchion "Avekodog" {heavy, rC+ Str+5}
 46914 | Snake:4  | Received a gift from Okawaru
 46914 | Snake:4  | Found the +5 robe of Night {Dark Will+ SInv}
 46962 | Snake:3  | HP: 7/173 [poisoned by a nagaraja (splash of poison)]
 46967 | Snake:3  | HP: 4/173 [poisoned by a nagaraja (splash of poison)]
 48669 | Snake:4  | Got a serpentine rune of Zot
 49633 | Vaults:1 | Entered Level 1 of the Vaults
 49991 | Vaults:1 | Found Veon's Book Shoppe.
 50068 | Vaults:1 | Reached XP level 19. HP: 181/181 MP: 25/25
 50419 | Vaults:1 | Reached skill level 22 in Axes
 50538 | Vaults:1 | Received a gift from Okawaru
 50747 | Vaults:1 | Received a gift from Okawaru
 51135 | Vaults:1 | Identified the +2 bardiche "Foohel" {vamp, rC- rN+ Int+4
                  | Dex+2}
 51638 | Vaults:1 | Received a gift from Okawaru
 51772 | Vaults:2 | Found a staircase to the Crypt.
 51845 | Vaults:2 | Identified the +2 war axe of the Doomed Warrior {elec, rN+}
                  | (Okawaru gifted it to you on level 2 of the Vaults)
 51845 | Vaults:2 | Received a gift from Okawaru
 52064 | Vaults:2 | Noticed Xtahua
 52072 | Vaults:2 | Killed Xtahua
 52345 | Vaults:2 | Identified the +1 hat of Vysun {Rampage rPois rC+ Dex-5}
                  | (Okawaru gifted it to you on level 2 of the Vaults)
 52345 | Vaults:2 | Received a gift from Okawaru
 52690 | Vaults:2 | Reached XP level 20. HP: 193/193 MP: 26/26
 54114 | Vaults:3 | Noticed Zenata
 54133 | Vaults:3 | Killed Zenata
 54468 | Vaults:3 | Noticed a golden dragon
 54476 | Vaults:3 | Killed a golden dragon
 54519 | Vaults:3 | Reached skill level 23 in Axes
 54520 | Vaults:3 | Received a gift from Okawaru
 54835 | Vaults:3 | Identified the +8 plate armour of Diaro {Will+ Str-2 Int+3}
                  | (Okawaru gifted it to you on level 3 of the Vaults)
 54835 | Vaults:3 | Received a gift from Okawaru
 55791 | Vaults:3 | Acquired 1049 gold pieces
 57150 | Elf:1    | Entered Level 1 of the Elven Halls
 57155 | Elf:1    | Received a gift from Okawaru
 57311 | Elf:1    | Paralysed by an air elemental for 1 turns
 57359 | Elf:1    | Reached XP level 21. HP: 204/204 MP: 27/27
 57482 | Elf:1    | Received a gift from Okawaru
 57856 | Elf:1    | Acquired the ring "Ympafext" {rF+ Will+ Str+2 Stlth+}
 58088 | Elf:2    | Reached skill level 24 in Axes
 58166 | Elf:2    | Found a runed translucent gate.
 58166 | Elf:2    | Found a runed translucent gate.
 58457 | Elf:2    | Found a runed translucent gate.
 58499 | Elf:2    | Found Zopinas's Jewellery Boutique.
 59190 | Elf:3    | Entered Level 3 of the Elven Halls
 59866 | Elf:3    | Received a gift from Okawaru
 60315 | Elf:3    | Reached skill level 25 in Axes
 60414 | Elf:3    | Identified the +2 robe "Cisch" {Harm +Inv MP+9} (Okawaru
                  | gifted it to you on level 3 of the Elven Halls)
 60414 | Elf:3    | Received a gift from Okawaru
 60453 | Elf:3    | Identified the ring "Buedghex" {rF- rC+ rN+ Str+6 Slay+6}
 60466 | Elf:3    | Identified the +3 glaive of Qular {drain, rPois rF+}
 60500 | Elf:3    | Gained mutation: You are covered in fur. (AC +1) [a
                  | neqoxec]
 60612 | Elf:3    | Identified the ring "Miluku Qano" {rPois rF+ rN+ Str+4
                  | Int+6}
 61107 | Elf:3    | Found the +6 lightning scales {swift, rElec}
 61132 | Elf:3    | Got the Anthology of Convocation and the Jaunt
 61266 | Elf:3    | Got the Reference Book on Hypothermia and Kindling
 61762 | Depths:1 | Entered Level 1 of the Depths
 61782 | Depths:1 | Reached XP level 22. HP: 220/220 MP: 28/28
 61828 | Depths:1 | Paralysed by a floating eye for 4 turns
 62299 | Depths:1 | Paralysed by a floating eye for 3 turns
 62309 | D:15     | Reached skill level 26 in Axes
 62542 | Depths:1 | Identified the +3 robe of Pessimism {rN+++ Will+ Int+2}
 62554 | Depths:1 | Received a gift from Okawaru
 62881 | Depths:1 | Noticed a golden dragon
 63005 | Depths:1 | Paralysed by a floating eye for 4 turns
 63009 | Depths:1 | HP: 5/222 [balrug/+0 demon whip of venom (7)]
 63016 | D:15     | Received a gift from Okawaru
 63017 | D:15     | Killed a golden dragon
 63541 | Depths:1 | Paralysed by a floating eye for 2 turns
 63786 | D:15     | Received a gift from Okawaru
 64110 | Depths:1 | Noticed a golden dragon
 64119 | Depths:1 | Killed a golden dragon
 64436 | Depths:1 | Identified the +2 helmet of the Pit {Str+3}
 64489 | Depths:1 | Received a gift from Okawaru
 64575 | Depths:1 | Found Mourched's Tremendous Tomes.
 64726 | Depths:1 | Found a gateway to Hell.
 65378 | Depths:2 | Noticed a juggernaut
 65381 | Depths:2 | Noticed a juggernaut
 65390 | Depths:2 | Killed a juggernaut
 65390 | Depths:2 | Received a gift from Okawaru
 65391 | Depths:2 | Reached skill level 27 in Axes
 65394 | Depths:2 | Killed a juggernaut
 65576 | D:13     | You paid a toll of a +5 demon trident to enter a treasure
                  | trove
 65577 | Trove    | Entered a treasure trove
 65580 | Trove    | Found the +2 hat of the Bear Spirit {Spirit, Bear, *Rage
                  | Will++}
 65599 | Trove    | Identified the +2 kite shield of the Raven {rPois rC+
                  | Int+4}
 65603 | Trove    | Identified the +0 pair of boots of Luem {Dex+3}
 65604 | Trove    | Identified the +0 plate armour of the Locust {rPois Regen+
                  | rCorr Dex+4}
 65606 | Trove    | Identified the +0 plate armour "Yryakah" {Contam Rampage
                  | Str+9}
 65608 | Trove    | Found the +3 pair of seven-league boots {Rampage+∞}
 65610 | Trove    | Identified the +1 pair of boots of Egiu {Dex+3}
 65621 | Trove    | Identified the +3 hat of Orynen {Rampage Int+2 SInv}
 65637 | Trove    | Identified the +0 crystal plate armour of the Demon Prince
                  | {Rampage rCorr Stlth+}
 65848 | Depths:2 | Identified the +9 quarterstaff "Hydrabane" {drain, Dex+2
                  | Stlth+}
 65978 | Depths:2 | Received a gift from Okawaru
 65987 | Depths:2 | Noticed a golden dragon
 65994 | Depths:2 | Killed a golden dragon
 66469 | Depths:2 | Reached XP level 23. HP: 234/234 MP: 26/29
 66525 | Depths:2 | Identified the +2 ring mail of Opecyol {Drain +Inv rN+
                  | Regen+}
 66671 | Depths:2 | Identified the +7 mace "Eviscerator" {flame, rF- Dex+6}
 66684 | Depths:2 | Identified the +2 war axe of the Modern Invaders {pain,
                  | rElec rF+ rCorr}
 66709 | Depths:2 | Paralysed by a floating eye for 4 turns
 66724 | Depths:2 | Received a gift from Okawaru
 66724 | Depths:2 | Paralysed by a floating eye for 4 turns
 66735 | Depths:2 | Paralysed by a floating eye for 3 turns
 66755 | Depths:2 | Received a gift from Okawaru
 66788 | Depths:2 | Killed from afar by a living spell

Illustrated notes

Levels and vault maps discovered:
D:1:      dpeg_arrival_connections, layout_loops_ring, minmay_indecisive_spiral
D:2:      minmay_inner_zag, layout_loops_cross, basic_altar
D:3:      layout_rooms, amcnicky_altar_gilded, shapermc_ecumenical_altar_venn
D:4:      layout_basic, mainiacjoe_overflow_catwalk, enter_ossuary_1,
          ebering_ghost_sewer_f, grunt_decor_resistance, serial_park_tiny_2,
          roderic_filled_cross
D:5:      minmay_chambers_of_threes, layout_basic, general_overflow_altar,
          st_stairs_4, grunt_ministairs_1
D:6:      layout_loops_ring, nicolae_qazlal_general_emergency, temple_statues,
          serial_shops, shop, minmay_fire_ice_demons
D:7:      layout_gridville, nicolae_elevator_lobby_asterisk
D:8:      layout_basic, serial_curves, eino_curves_03, eino_curves_02,
          uniq_psyche
D:9:      layout_roguey, uniq_erica
D:10:     layout_layer_cave, lemuel_round_altar, hellmonk_lair_entry_icy,
          minmay_orc_entry_guard_dogs, minmay_misc_feat_plants,
          solitary_fountain, hangedman_abyss_or_decor_passed
D:11:     layout_rooms, serial_shops, shop, portal_ice_cave_rime, uniq_grum,
          uniq_nergalle, uniq_lodul
D:12:     layout_cave_pools, minmay_the_grid_2x2 [minmay_the_grid_empty,
          minmay_the_grid_x, minmay_the_grid_dragon_a,
          minmay_the_grid_prize_four_corners_diamond_b]
D:13:     evilmike_diamond_1, layout_loops_ring, nicolae_trove_entry_diagonal
D:14:     layout_roguey, david_vaults_3, serial_shops, shop_fountains,
          minmay_holes, uniq_azrael
D:15:     grunt_enter_depths_magical_seal, layout_loops_ring,
          chequers_serial_rivers_micro_a, minmay_misc_feat_cross, billiards_dpeg
Temple:   minmay_temple_bridge_d
Lair:1:   layout_small_grid, special_room [special_room_bee],
          dreamdust_deal_with_the_devil, uniq_urug
Lair:2:   layout_regular_city, nicolae_snake_entry_warm_welcome,
          gauntlet_entry_generic, basic_altar, nicolae_quartered_pool_medium
Lair:3:   layout_small_grid, skrybe_swamp_entry_bodies, pf_torpor_hydra,
          serial_bayou_shore_b
Lair:4:   dragon1_lemuel, layout_gridlike, dpeg_slime_entry_enclosed,
          gammafunk_ghost_hive, nicolae_lair_grazing_beasts
          [nicolae_sub_lair_graze_edge, nicolae_sub_lair_graze_edge,
          nicolae_sub_lair_graze_edge, nicolae_sub_lair_graze_edge]
Lair:5:   hellmonk_lair_end_abyssal_woods, layout_loops_ring, basic_altar,
          grunt_megastairs_1, infiniplex_staircase_pool
Swamp:1:  nicolae_swamp_secret_spriggan_hideout, layout_falls_marsh,
          hangedman_swamp_cone
Swamp:2:  layout_basic_swamp, nicolae_swamp_feature_on_the_river_bank,
          worms_lemuel
Swamp:3:  layout_basic_swamp, serial_swamp_ruin, evilmike_swamp_ruin_house_5,
          hangedman_swamp_ruin_wall, uniq_jorgrun, uniq_donald, uniq_mlioglotl
Swamp:4:  swamp_basic_johnstein, layout_basic_swamp
Snake:1:  layout_honeycomb, nicolae_snake_gridmaze_zigzag, drop_trap
Snake:2:  layout_rooms, serial_bayou_lagoon_a, minmay_shoptagon, uniq_aizul
Snake:3:  layout_grid_shapes, gammafunk_ghost_arena, minmay_shop_star, uniq_mara
Snake:4:  johnstein_snake_rune_scales, layout_onion
Orc:1:    layout_diamond_mine, uniq_josephine, uniq_harold
Orc:2:    st_orc_town, layout_diamond_mine, nicolae_orc_damp_corner,
          small_statue_alley_c
Elf:1:    nicolae_elf_arrival_fired_up, layout_gridlike, minivault_28
Elf:2:    elven_hall_of_blades_hangedman_original
          [nicolae_blade_entry_crossed_weapons], layout_loops_cross,
          serial_shops, nicolae_shop_advertising_works
          [nicolae_subvault_shop_adworks]
Elf:3:    nooodl_elf_gasket, layout_geoelf_grid
Vaults:1: v_misc_31, vaults_mumra_hex, vaults_mumra_lcd, v_misc_27,
          grunt_vaults_twisty, st_more_cells, vaults_room_stairs_pillars,
          layout_vaults_quadrants, serial_shops, nicolae_shop_behind_doors
Vaults:2: grunt_vaults_hallway_long, nicolae_vaults_network_square,
          minmay_crypt_entry_simple_sparse, v_pattern_4, v_misc_11,
          ontoclasm_vaults_fault, grunt_vaults_swirl,
          nicolae_vaults_yaktaur_gun_rack, v_misc_9, layout_vaults_omnicross,
          uniq_xtahua
Vaults:3: v_misc_8, nicolae_vaults_good_morning_starshine,
          nicolae_vaults_big_ls, v_misc_26, vaults_room_pools,
          ontoclasm_vaults_twist, vaults_room_ringed_pool,
          hangedman_vaults_river_flow, hangedman_vaults_pinch,
          vaults_dpeg_spiral, vaults_room_fours, v_misc_17,
          nicolae_vaults_windows_and_doors_thing,
          nicolae_vaults_little_squares_6, ontoclasm_vaults_ligature,
          layout_vaults_omnibox, uniq_zenata
Vaults:4: nicolae_vaults_rhombus_6, hangedman_vaults_restitches,
          ontoclasm_vaults_eye, v_alt_pattern_3,
          nicolae_vaults_little_squares_6, hangedman_vaults_snaps, v_misc_17,
          vaults_room_semicircle, layout_vaults_big_room
Depths:1: minmay_central_circle, layout_cave_shapes, lightli_too_deep,
          dk_noncrumbling_4, nicolae_shop_i_like_big_books, grunt_potential,
          firewood_loft, serial_bayou_shore_b
Depths:2: box_level_dp, pan_entry, hell_entry

Skill      XL: |  1  2  3  4  5  6  7  8  9 10 11 12 13 14 15 16 17 18 19 20 21 22 23 |
---------------+----------------------------------------------------------------------+-----
Fighting       | 4 5 9 11 12 13 14 15 17 18 19 21 23 25 | 25.5
Axes           | 3 4 5 7 9 11 13 15 16 17 18 19 20 21 22 23 25 27 | 27.0
Dodging        | 1 4 5 6 9 11 13 14 | 14.4
Stealth        | 1 3 5 |  5.0
Shields        | 4 6 8 10 11 12 13 15 16 17 18 19 | 19.2
Armour         | 4 6 8 10 11 12 13 15 16 17 18 19 | 19.2
Invocations    | 3 5 7 8 9 10 | 10.0
Throwing       | 4 6 8 9 11 12 13 | 13.3

Action                     |  1- 3 |  4- 6 |  7- 9 | 10-12 | 13-15 | 16-18 | 19-21 | 22-24 || total
---------------------------+-------+-------+-------+-------+-------+-------+-------+-------++-------
  Melee: War axe           |    74 |    84 |   277 |   595 |     9 |   107 |       |       ||  1146
         Headbutt          |     6 |     9 |    53 |   150 |   145 |   249 |   262 |   106 ||   980
         Broad axe         |       |       |       |    43 |   703 |   990 |   981 |   432 ||  3149
         Flail             |       |       |       |     5 |    21 |       |       |       ||    26
   Fire: Sling             |       |       |       |       |       |     5 |       |       ||     5
  Throw: Javelin           |     1 |       |       |       |       |    14 |    49 |       ||    64
         Stone             |       |     3 |     6 |    15 |     9 |    12 |    24 |       ||    69
         Boomerang         |       |       |       |       |    60 |   341 |    58 |       ||   459
         Dart              |       |       |       |       |       |       |    20 |    14 ||    34
 Invoke: Heroism           |       |       |       |    11 |    12 |     8 |     2 |     2 ||    35
         Finesse           |       |       |       |       |     7 |     8 |     2 |     2 ||    19
    Use: Scroll            |     8 |     5 |     6 |     4 |     4 |     6 |     4 |     7 ||    44
         Potion            |       |     1 |     7 |       |       |     8 |     1 |     4 ||    21
 Armour: Scale mail        |    28 |       |       |       |       |       |       |       ||    28
         Plate armour      |       |    49 |   153 |   430 |   550 |   571 |   451 |   270 ||  2474
  Dodge: Dodged            |    47 |    41 |    74 |   168 |   253 |   398 |   347 |   103 ||  1431
  Block: Buckler           |    11 |    18 |    55 |    27 |       |       |       |       ||   111
         Kite shield       |       |       |       |   262 |   641 |  1354 |  1306 |   653 ||  4216
         Reflection        |       |       |       |       |       |   115 |   158 |       ||   273

Table legend: (Time is in decaauts)
 A = Elapsed time spent in this place.
 B = Non-inter-level travel time spent in this place.
 C = Inter-level travel time spent in this place.
 D = Time resting spent in this place.
 E = Time spent auto-exploring this place.
 F = Levels seen in this place.
 G = Mean time per level.
                   A        B        C        D        E       F      G
               +--------+--------+--------+--------+--------+-----+--------+
         Total |  66900 |  61234 |   5666 |  21937 |  25729 |  41 | 1631.7 |
       Dungeon |  25763 |  22691 |   3072 |   9845 |   8698 |  15 | 1717.5 |
        Temple |    371 |    223 |    148 |      0 |    212 |   1 |  371.0 |
          Lair |  11995 |  11243 |    752 |   5303 |   4165 |   5 | 2399.0 |
         Swamp |   4898 |   4787 |    111 |   1460 |   2218 |   4 | 1224.5 |
     Snake Pit |   7438 |   7061 |    377 |   2940 |   2590 |   4 | 1859.5 |
  Orcish Mines |   1765 |   1561 |    204 |     32 |   1014 |   2 |  882.5 |
   Elven Halls |   4670 |   4312 |    358 |    922 |   1989 |   3 | 1556.7 |
        Vaults |   7314 |   6755 |    559 |   1182 |   3620 |   4 | 1828.5 |
        Depths |   2565 |   2484 |     81 |    251 |   1221 |   2 | 1282.5 |
         Trove |    116 |    116 |      0 |      0 |      0 |   1 |  116.0 |
               +--------+--------+--------+--------+--------+-----+--------+

Top non-repeatable levels by time:
    D:10: 3196 daAuts
    D:15: 3037 daAuts
  Lair:3: 2881 daAuts
  Lair:2: 2698 daAuts
Vaults:3: 2630 daAuts
    D:12: 2580 daAuts
     D:9: 2574 daAuts
  Lair:1: 2568 daAuts
   Elf:3: 2452 daAuts
 Snake:3: 2263 daAuts
Vaults:1: 2180 daAuts
  Lair:4: 2172 daAuts
 Snake:1: 2128 daAuts
 Snake:4: 1987 daAuts
     D:7: 1919 daAuts
